 Dungeon Crawl Stone Soup version 0.32-a0-576-g706899e69d (webtiles) character file.

Game seed: 3735200578576954586

122 Dittersdorf the Trooper (level 5, -2/33 HPs)
             Began as a Gargoyle Fighter on Mar 1, 2024.
             Slain by an orc priest
             ... wielding a +2 short sword of speed
              (5 damage)
             ... on level 3 of the Dungeon.
             The game lasted 00:02:11 (1918 turns).

Dittersdorf the Trooper (Gargoyle Fighter)          Turns: 1918, Time: 00:02:11

Health: -2/33      AC: 11    Str: 21    XL:     5   Next: 6%
Magic:  5/5        EV:  9    Int:  9    God:
Gold:   103        SH:  4    Dex:  9    Spells: 4/4 levels left

rFire   . . .        a - +0 flail
rCold   . . .        c - +0 buckler
rNeg    + . .        b - +0 scale mail
rPois   ∞            (no helmet)
rElec   +            (no cloak)
rCorr   .            (no gloves)
SInv    .            (no boots)
Will    .....        (no amulet) Stlth
                     (no ring)
HPRegen 0.25/turn    (no ring)
MPRegen 0.09/turn

%: no passive effects
@: no status effects
A: sickness immunity, AC +4, negative energy resistance 1, electricity
resistance, torment resistance 1, petrification resistance
a: Convert to Beogh


You were on level 3 of the Dungeon.
You visited 1 branch of the dungeon, and saw 3 of its levels.

You collected 103 gold pieces.

Inventory:

Hand Weapons
 a - a +0 flail (weapon)
Armour
 b - a +0 scale mail (worn)
 c - a +0 buckler (worn)
 f - +0 fire dragon scales
Scrolls
 e - 2 scrolls of teleportation {unknown}
 j - a scroll of vulnerability {unknown}
 k - 4 scrolls of identify {unknown}
 m - a scroll of poison {unknown}
 n - a scroll of revelation {unknown}
Potions
 d - a potion of might
 g - a potion of lignification {unknown}
 h - a potion of cancellation {unknown}
 i - 2 potions of mutation {unknown}
 l - a potion of degeneration {unknown}


   Skills:
 + Level 4.2 Fighting
 + Level 3.0 Maces & Flails
 + Level 4.1 Armour
 + Level 4.1 Shields


You had 4 spell levels left.
You didn't know any spells.
Your spell library contained the following spells:

 Spells                   Type           Power      Damage    Failure   Level
 Necrotise                Necr           0%         1d4       78%         1
 Vampiric Draining        Necr           0%         2d6       98%         3
 Martyr's Knell           Necr/Summ      0%         N/A       100%        4
 Alistair's Intoxication  Alch           0%         N/A       100%        5
 Borgnjor's Vile Clutch   Necr/Erth      0%         N/A       100%        5
 Curse of Agony           Necr           0%         N/A       100%        5
 Eringya's Noxious Bog    Alch           0%         4d6       100%        6


Dungeon Overview and Level Annotations

Branches:
Dungeon (3/15)

Altars:


Innate Abilities, Weirdness & Mutations

You are immune to sickness and miasma.
Your stone body is resilient. (AC +4)
You are immune to poison.
You resist negative energy. (rN+)
You are resistant to electric shocks. (rElec)
You are resistant to unholy torment.
You are immune to petrification.


Message History

The giant cockroach barely misses you. The orc closely misses you.
The orc priest invokes the aid of Beogh against you.
You barely resist. The orc hits you but does no damage.
You barely miss the orc.
The giant cockroach bites you but does no damage.
The orc hits you but does no damage.
The giant cockroach bites you but does no damage.
You hit the orc priest but do no damage.
The orc barely misses you.
The orc priest hits you with a +2 short sword of speed.
The orc barely misses you.
The giant cockroach bites you but does no damage.
The orc priest hits you with a +2 short sword of speed.
The orc hits you but does no damage. x2; The orc closely misses you.
You closely miss the orc priest.
The giant cockroach bites you but does no damage.
The orc priest barely misses you. You block the orc's attack.
The endoplasm hits you but does no damage.
The orc priest hits you but does no damage.
The orc hits you but does no damage. The orc hits you with a +0 short sword.
You block the giant cockroach's attack.
The orc priest shouts, "Surrender to Beogh and we'll let you live!" (press Y on the ability menu to convert to Beogh)
You barely miss the orc priest. You block the orc priest's attack.
The giant cockroach closely misses you. The orc barely misses you.
The endoplasm freezes you.
You are frozen.
The orc hits you but does no damage. The orc closely misses you.
The orc priest calls down the wrath of Beogh upon you.
Beogh smites you!
* * * LOW HITPOINT WARNING * * *
You closely miss the orc priest. You block the giant cockroach's attack.
The orc hits you but does no damage. You block the endoplasm's attack.
The orc hits you but does no damage. The orc closely misses you.
The orc priest hits you with a +2 short sword of speed.
* * * LOW HITPOINT WARNING * * *
The giant cockroach bites you but does no damage.
You barely miss the orc priest. The orc barely misses you.
The orc priest hits you with a +2 short sword of speed.
You die...

#..........##.#
#.........###.##........
#######'#.###.##........
#.#..†..##........
#.#.######........ #.#.#
#........ #.#.#
#........ #.###
#oo...... #.#
####@o...... #.#
#..JoB...... #.#
#.##........ #.#
#.##........ #.#
#.##........ #.#
#.########## #.#####.#
#...†...# #########


You could see an orc priest, 3 orcs, an endoplasm and a giant cockroach.

Vanquished Creatures
  Jessica (D:2)
  4 adders
  A dart slug (D:3)
  A ribbon worm (D:3)
  6 ball pythons
  8 bats
  8 endoplasms
  3 giant cockroaches
  6 goblins
  2 hobgoblins (D:1)
  3 kobolds
  2 quokkas
  7 frilled lizards
  5 rats
57 creatures vanquished.

Notes
Turn   | Place    | Note
-------+----------+-------------------------------------------
     0 | D:1      | Dittersdorf the Gargoyle Fighter began the quest for the
                  | Orb.
     0 | D:1      | Reached XP level 1. HP: 14/14 MP: 1/1
   111 | D:1      | Reached XP level 2. HP: 19/19 MP: 2/2
   443 | D:1      | Reached XP level 3. HP: 23/23 MP: 3/3
   805 | D:2      | Noticed Jessica
   812 | D:2      | Killed Jessica
   813 | D:2      | Reached XP level 4. HP: 29/29 MP: 4/4
  1423 | D:3      | Found a faded altar of an unknown god.
  1498 | D:3      | Reached XP level 5. HP: 33/33 MP: 5/5
  1918 | D:3      | Slain by an orc priest

Illustrated notes

Levels and vault maps discovered:
D:1:      scummos_arrival_simple_fountains, layout_loops_cross
D:2:      layout_basic, uniq_jessica
D:3:      layout_basic, shapermc_ecumenical_altar_pompeii

Skill      XL: |  1  2  3  4 |
---------------+-------------+-----
Fighting       | 4 |  4.2
Shields        | 4 |  4.1
Armour         | 4 |  4.1
Maces & Flails | 3 |  3.0

Action                     |  1- 3 |  4- 6 || total
---------------------------+-------+-------++-------
  Melee: Flail             |    84 |   112 ||   196
 Armour: Scale mail        |    61 |   123 ||   184
  Dodge: Dodged            |    32 |    76 ||   108
  Block: Buckler           |    18 |    28 ||    46

Table legend: (Time is in decaauts)
 A = Elapsed time spent in this place.
 B = Non-inter-level travel time spent in this place.
 C = Inter-level travel time spent in this place.
 D = Time resting spent in this place.
 E = Time spent auto-exploring this place.
 F = Levels seen in this place.
 G = Mean time per level.
                   A        B        C        D        E       F      G
               +--------+--------+--------+--------+--------+-----+--------+
         Total |   1977 |   1913 |     64 |      0 |   1457 |   3 |  659.0 |
       Dungeon |   1977 |   1913 |     64 |      0 |   1457 |   3 |  659.0 |
               +--------+--------+--------+--------+--------+-----+--------+

Top non-repeatable levels by time:
     D:3: 695 daAuts
     D:1: 663 daAuts
     D:2: 618 daAuts
